 Dungeon Crawl Stone Soup version 0.30-a0-457-g4b7bca3bfa (webtiles) character file.

Game seed: 13844330548519826731

109873 Angani the Zephyrmancer (level 15, -6/132 HPs)
             Began as a White Draconian Warper on Dec 14, 2022.
             Was the Champion of Jiyva.
             Killed by a resonance strike
             ... invoked by a ragged hierophant
              (13 damage)
             ... in the Desolation of Salt.
             The game lasted 01:05:16 (19195 turns).

Angani the Zephyrmancer (White Draconian Warper)   Turns: 19195, Time: 01:05:17

Health: -6/132     AC: 11    Str: 16    XL:     15   Next: 70%
Magic:  23/31      EV: 16    Int: 26    God:    Jiyva [******]
Gold:   1306       SH: 11    Dex: 15    Spells: 15/38 levels left

rFire   + . .      SeeInvis .    T - +5 broad axe of Compulsion {speed, Str+4}
rCold   + . .      Faith    .    K - +0 kite shield
rNeg    . . .      Spirit   .    (body armour unavailable)
rPois   .          Reflect  .    (helmet restricted)
rElec   +          Harm     .    (no cloak)
rCorr   +          Rampage  .    r - +0 pair of gloves of Rotation {Regen+ Slay+2}
rMut    +                        (boots unavailable)
Will    +++..                    H - amulet of regeneration
Stlth   +.........               U - +6 ring of intelligence
HPRegen 4.42/turn                v - ring of willpower
MPRegen 0.72/turn

@: lethally poisoned (-6 -> -6), about to teleport, spiked
A: breathe frost, AC +9, unfitting armour, cold resistance 1, cold-blooded,
stinger 3, talons 3, agile 1, fire resistance 1, strong-willed 1, mutation
resistance 3, regeneration 1, electricity resistance, wild magic 2, gelatinous
body 1, tendrils
}: 1/15 runes: slimy
a: Breathe Frost, Renounce Religion, Oozemancy, Slimify


You were in the Desolation of Salt.
You worshipped Jiyva.
Jiyva was exalted by your worship.
You visited 5 branches of the dungeon, and saw 28 of its levels.
You also visited: Ice Cave and Desolation.

You collected 1774 gold pieces.
You spent 468 gold pieces at shops.

Inventory:

Hand Weapons
 S - the +8 arc blade {discharge, rElec}
   (You found it on level 5 of the Pits of Slime)

   It occasionally unleashes powerful arcs of lightning upon striking a foe.
   These may arc to other adjacent creatures (including the wielder, but dealing
   reduced damage to them) before grounding out.
   rElec:     It insulates you from electricity.
 T - the +5 broad axe of Compulsion (weapon) {speed, Str+4}
   (You found it on level 5 of the Pits of Slime)

   Attacks with this weapon are significantly faster.
   Str:       It affects your strength (+4).
Missiles
 c - 7 boomerangs of dispersal
 o - 5 boomerangs
 A - a throwing net
Armour
 r - the +0 pair of gloves of Rotation (worn) {Regen+ Slay+2}
   (You found it on level 4 of the Dungeon)

   Slay:      It affects your accuracy & damage with ranged weapons and melee
   (+2).
   Regen:     It increases your rate of health regeneration.
 t - an orb of wrath
 u - an orb of guile
 K - a +0 kite shield (worn)
Jewellery
 a - a ring of magical power
 v - a ring of willpower (right hand)
 B - a ring of flight
 D - a ring of see invisible
 F - a ring of protection from cold
 G - a ring of protection from cold
 H - an amulet of regeneration (around neck)
 R - the ring of Qazlal's Pride {Wiz rN+}
   (You found it on level 3 of the Lair of Beasts)

   [ring of wizardry]

   It improves your spell success rate.
   rN:        It protects you from negative energy.
 U - a +6 ring of intelligence (left hand)
 V - the ring "Gusorphar" {Fly rN++}
   (You found it in an ice cave)

   [ring of flight]

   rN:        It greatly protects you from negative energy.
   Fly:       It grants you flight.
Wands
 f - a wand of paralysis (5)
 n - a wand of polymorph (9)
 y - a wand of roots (7)
 C - a wand of flame (11)
Scrolls
 b - a scroll of blinking
 d - a scroll of magic mapping
 e - 4 scrolls of enchant weapon
 g - 2 scrolls of fear
 j - 4 scrolls of poison
 k - 5 scrolls of teleportation
 q - 2 scrolls of identify
 w - a scroll of amnesia
 E - a scroll of immolation
 J - a scroll of fog
 Q - a scroll of silence
 W - a scroll of enchant armour
 Z - a scroll of vulnerability
Potions
 h - 2 potions of haste
 i - 5 potions of mutation
 l - 3 potions of brilliance
 m - 6 potions of curing
 p - a potion of attraction
 s - a potion of might
 z - 5 potions of flight
 I - 2 potions of heal wounds
 M - a potion of ambrosia
 O - a potion of resistance
 P - 3 potions of lignification
Miscellaneous
 L - a phantom mirror


   Skills:
 - Level 12.0 Fighting
 + Level 6.2(6.5) Axes
 - Level 2.7(4.8) Polearms
 - Level 0.8 Throwing
 - Level 9.3 Dodging
 - Level 9.8 Shields
 - Level 12.3 Spellcasting
 - Level 12.4 Conjurations
 - Level 3.0 Translocations
 - Level 13.1 Air Magic


You had 15 spell levels left.
You knew the following spells:

 Your Spells              Type           Power      Damage    Failure   Level
a - Blink                 Tloc           100%       N/A       10%         2
b - Teleport Other        Tloc           50%        N/A       16%         3
c - Static Discharge      Conj/Air       100%       2-7/arc   1%          2
d - Arcjolt               Conj/Air       46%        1d56      4%          5
e - Lightning Bolt        Conj/Air       46%        1d66      4%          5
f - Conjure Ball Lightni  Conj/Air       46%        3x3d16    16%         6

Your spell library contained the following spells:

 Spells                   Type           Power      Damage    Failure   Level
 Vhi's Electric Charge    Tloc/Air       100%       N/A       3%          3
 Iskenderun's Battlesphe  Conj           92%        2d14      4%          5
 Lesser Beckoning         Tloc           100%       N/A       16%         3
 Ensorcelled Hibernation  Hex/Ice        50%        N/A       26%         2
 Fireball                 Conj/Fire      33%        3d14      34%         5
 Manifold Assault         Tloc           50%        N/A       41%         4
 Spider Form              Tmut/Pois      25%        N/A       43%         3
 Orb of Destruction       Conj           46%        9d12      56%         7
 Anguish                  Hex/Necr       12%        N/A       78%         4
 Summon Forest            Summ/Tloc      19%        N/A       88%         5
 Summon Mana Viper        Hex/Summ       25%        N/A       98%         5
 Summon Cactus Giant      Summ           12%        N/A       100%        6


Dungeon Overview and Level Annotations

Branches:
Dungeon (15/15)            Temple (0/1) D:5            Lair (5/5) D:8
  Swamp (0/4) Lair:2        Snake (0/4) Lair:3        Slime (5/5) Lair:4
    Orc (2/2) D:9             Elf (1/3) Orc:2        Vaults (0/5) D:14
 Depths (0/4) D:15          IceCv (visited)         Desolation (1/1)

Altars:
Dithmenos
Makhleb
Ru
Zin
The Shining One
Jiyva

Shops:
D:10 =   Orc:1 ?*   Orc:2 (((:

Portals:
Hell: Lair:5
Trove: D:14 (show abyssal rune of Zot)

Annotations:
Lair:5 2 transporters, Gnu's ghost, journeyman MiFi
Slime:5 Royal Jelly
Orc:1 2 runed translucent doors, dohliylev's ghost, novice TrBe


Innate Abilities, Weirdness & Mutations

You can breathe waves of freezing cold which knock back foes.
Your icy white scales are hard. (AC +9)
You cannot fit into any form of body armour.
Your flesh is cold resistant. (rC+)
You are cold-blooded and may be slowed by cold attacks.
Your tail ends in a wickedly sharp and venomous barb.
You have claws for feet.
You are agile. (Dex +4, Str/Int -1)
Your flesh is heat resistant. (rF+)
You are strong-willed. (Will+)
You are almost entirely resistant to further mutation and mutation removal.
Your natural rate of healing is unusually fast.
You are resistant to electric shocks. (rElec)
Your spells are harder to cast, but more powerful.
Your rubbery body absorbs attacks. (AC +1, EV +1)
You are covered in slimy tendrils that may disarm your opponents.


Message History

A saltling comes into view.
The halazid warlock gestures at you while chanting.
The bolt of cold hits you!! You resist.
Unknown command.
You feel very sick.
The peacekeeper roars a battlecry!
The saltlings go into a battle-frenzy!
A saltling comes into view.
The peacekeeper bites you!! The peacekeeper misses you.
A servant of whispers comes into view. It is wielding a +0 spear.
You block the guardian serpent's attack.
A guardian serpent comes into view.
Unknown command.
Unknown command.
You feel sick.
The guardian serpent shouts!
A saltling comes into view.
You block the guardian serpent's attack.
The peacekeeper barely misses you. The peacekeeper misses you.
The saltling hits you! You block the saltling's attack.
The servant of whispers hits you from afar with a +4 spear of venom.
* * * LOW HITPOINT WARNING * * *
You are more poisoned.
Unknown command.
You feel very sick.
The saltling no longer looks unusually strong.
You block the peacekeeper's attack.
The peacekeeper claws you but does no damage.
The guardian serpent hits you!
* * * LOW HITPOINT WARNING * * *
The saltling barely misses you. x3; The peacekeeper bites you!!
* * * LOW HITPOINT WARNING * * *
You block the peacekeeper's attack.
A ragged hierophant comes into view. It is wielding a +0 whip.
The guardian serpent hits you but does no damage.
The servant of whispers mumbles some strange prayers to its god.
The air becomes perfectly still.
The ragged hierophant points at you and mumbles some strange words.
A blast of power from the earth and the adjacent constructs strikes you!
You die...

,,,,,,,,,,,,,,,,,*,,,*,,,,*,*,,,,
,,,,,,,,,........#####..,*,,,,,,,
,,,,,,,,,...............,,,,,,,,,
,,,,,,,,,...............,,,,,,,,,
,,,,,,,,,.............,.,,,,,,,,,
,,,,,,,,,...............,,,,,,,,,
,,,,,,,,,..........#....,,,,,,,,,
,,,,,,,,,......9.L...9..,,,,,,,,,
,,,,,,,,,......9@9..S...,,,,,,,,,
,,,,,,,,,......S99...........,,,,
,,,,,,,,,.....a99..............,,
,,,,,,,*,....a.....9.....#.....,,
,,,,,,,,,...9...).......#......,,
,,,,,,,,,.9a..#......9.........,,
,,,,,,,,,a....L.......9........,,
,,,,,,,,,...........9..........,,
,,,,,,,,,,,,.......9...9.......,,


You could see 2 ragged hierophants, 2 servants of whispers, 2 halazid warlocks,
2 peacekeepers, 2 guardian serpents and 12 saltlings.

Vanquished Creatures
  Kirke (Lair:3)
  3 orc warlords
  Nessos (Lair:4)
  Josephine (Orc:2)
  A fire dragon (D:15)
  4 hydras
  Fannar (D:11)
  2 ice dragons
  2 peacekeepers (Elf:1)
  A hell beast (Lair:5)
  2 vault guards (D:14)
  4 centaur warriors
  2 ogre magi
  10 two-headed ogres
  6 boulder beetles
  A tengu warrior (D:14)
  Sonja (Lair:5)
  2 lindwurms (Lair:5)
  2 necromancers (D:14)
  A harpy (shapeshifter) (D:13)
  3 bog bodies (Lair:2)
  3 wizards
  3 orc knights (Orc:2)
  An ironbound convoker (Desolation)
  A deep elf zephyrmancer (Elf:1)
  6 cyclopes
  4 orc sorcerers
  8 ugly things
  2 oklob plants (Lair:5)
  Maurice (D:10)
  10 elephants
  3 manticores
  3 black mambas
  2 ice statues (IceCv)
  A gargoyle (D:13)
  7 cane toads
  2 orange demons (Lair:5)
  A yaktaur (D:15)
  10 komodo dragons
  12 rime drakes
  6 kobold demonologists
  2 red devils (Lair:5)
  2 ice devils (Lair:5)
  A hellwing (Lair:5)
  10 trolls
  2 polar bears
  A tyrant leech (Lair:3)
  3 saltlings (Desolation)
  A polar bear (shapeshifter) (D:13)
  7 blink frogs
  6 dream sheep (Lair:5)
  2 shadows
  A vampire (D:12)
  6 wraiths
  3 wyverns
  76 yaks
  6 hogs (Lair:3)
  16 humans (D:14)
  3 basilisks
  4 vampire mosquitoes
  8 wargs
  An acid dragon (D:9)
  4 swamp worms
  4 nagas (Lair:3)
  12 water moccasins
  3 hell hounds (Lair:5)
  46 orc warriors
  A sky beast (D:7)
  10 ogres
  A black bear (D:5)
  5 wolves (Lair:2)
  23 centaurs
  A phantom (D:5)
  A kobold brigand (D:8)
  14 bullfrogs
  A gnoll sergeant (D:6)
  An earth elemental (Elf:1)
  3 scorpions
  9 wights
  9 killer bees
  4 lindwurm simulacra (IceCv)
  2 howler monkeys (D:13)
  2 komodo dragon simulacra (IceCv)
  14 orc priests
  2 hounds (D:6)
  2 iguanas (D:5)
  24 orc wizards
  6 gnolls
  14 adders
  8 acid dragon simulacra (IceCv)
  2 shadow imps
  2 white imps (D:7)
  An ufetubus (D:5)
  7 steam dragon simulacra (IceCv)
  3 dart slugs (D:1)
  79 orcs
  3 bats
  2 endoplasms (D:1)
  4 giant cockroaches
  5 goblins
  2 hobgoblins
  9 jackals
  2 quokkas
  6 ball pythons
  3 frilled lizards
  19 kobolds
  A rat (D:1)
674 creatures vanquished.

Vanquished Creatures (collateral kills)
  A cyclops (D:11)
  A steam dragon (D:7)
  A gnoll bouda (D:7)
  A gnoll (D:7)
4 creatures vanquished.

Vanquished Creatures (others)
  A boulder beetle (D:12)
  A deep elf pyromancer (D:15)
  An efreet (D:14)
  A tengu conjurer (D:15)
  2 slime creatures (D:12)
  A basilisk (D:13)
  2 humans (D:14)
  A water moccasin (D:9)
  5 centaurs
  2 bullfrogs
  A kobold brigand (D:7)
  A scorpion (D:7)
  2 wights (D:7)
  An electric eel (Lair:2)
  A hound (D:5)
  58 jellies
  An orc priest (D:7)
  6 orc wizards
  3 gnolls (D:7)
  A dart slug (D:3)
  10 orcs
  A ball python (D:3)
  2 bats (D:3)
  5 kobolds
  2 rats (D:3)
  3 ball lightnings (Lair:5)
  44 fungi
  91 plants
250 creatures vanquished.

Grand Total: 928 creatures vanquished

Notes
Turn   | Place    | Note
-------+----------+-------------------------------------------
     0 | D:1      | Angani the Draconian Warper began the quest for the Orb.
     0 | D:1      | Reached XP level 1. HP: 17/17 MP: 3/3
   102 | D:1      | Reached XP level 2. HP: 21/25 MP: 5/5
   405 | D:1      | Noticed a great orb of eyes
   407 | D:1      | Found a faded altar of an unknown god.
   408 | D:1      | Noticed a shining eye
   408 | D:1      | Noticed a shining eye
   408 | D:1      | Noticed a golden eye
   414 | D:1      | Prayed at the altar of an unknown god.
   414 | D:1      | Became a worshipper of Jiyva Juplob the Shapeless
   414 | D:1      | Reached * piety under Jiyva
   876 | D:1      | Reached ** piety under Jiyva
  1150 | D:2      | Found a shadowy altar of Dithmenos.
  1225 | D:2      | Reached XP level 3. HP: 31/31 MP: 6/6
  1610 | D:2      | Reached *** piety under Jiyva
  1900 | D:3      | Reached skill level 1 in Air Magic
  1913 | D:3      | Reached XP level 4. HP: 38/38 MP: 7/7
  2068 | D:3      | Learned a level 2 spell: Blink
  2072 | D:3      | Learned a level 3 spell: Teleport Other
  2075 | D:3      | Learned a level 2 spell: Static Discharge
  2083 | D:3      | Gained mutation: You are resistant to electric shocks.
                  | (rElec) [Jiyva's grace]
  2083 | D:3      | Gained mutation: Your spells are a little harder to cast,
                  | but a little more powerful. [Jiyva's grace]
  2083 | D:3      | Gained mutation: Your spells are harder to cast, but more
                  | powerful. [Jiyva's grace]
  2083 | D:3      | Gained mutation: Your spells are much harder to cast, but
                  | much more powerful. [Jiyva's grace]
  2145 | D:3      | Reached skill level 2 in Air Magic
  2145 | D:3      | Reached XP level 5. HP: 30/46 MP: 9/9
  2552 | D:4      | Reached **** piety under Jiyva
  2823 | D:4      | Identified the +0 pair of gloves of Rotation {Regen+
                  | Slay+2}
  2963 | D:4      | Reached XP level 6. HP: 49/53 MP: 11/11
  3077 | D:5      | Entered Level 5 of the Dungeon
  3124 | D:5      | Found a glowing silver altar of Zin.
  3127 | D:5      | Found a glowing golden altar of the Shining One.
  3131 | D:5      | Reached skill level 3 in Air Magic
  3230 | D:5      | Reached skill level 5 in Fighting
  3320 | D:5      | Your scales start taking on an icy white colour.
  3320 | D:5      | Reached XP level 7. HP: 57/61 MP: 13/13
  3320 | D:5      | Gained mutation: Your flesh is cold resistant. (rC+) [White
                  | Draconian growth]
  3446 | D:5      | Found a staircase to the Ecumenical Temple.
  3453 | D:5      | Reached ***** piety under Jiyva
  3460 | D:5      | Reached skill level 4 in Air Magic
  3755 | D:5      | Learned a level 5 spell: Arcjolt
  3785 | D:6      | Reached skill level 1 in Conjurations
  3885 | D:6      | Lost mutation: You are resistant to electric shocks.
                  | (rElec) [Jiyva's grace]
  3885 | D:6      | Gained mutation: You are somewhat resistant to further
                  | mutation. [Jiyva's grace]
  3885 | D:6      | Gained mutation: You are somewhat resistant to both further
                  | mutation and mutation removal. [Jiyva's grace]
  3885 | D:6      | Gained mutation: You are almost entirely resistant to
                  | further mutation and mutation removal. [Jiyva's grace]
  3885 | D:6      | Gained mutation: Your tail ends in a venomous barb.
                  | [Jiyva's grace]
  3958 | D:6      | Reached skill level 5 in Spellcasting
  3958 | D:6      | Reached XP level 8. HP: 27/69 MP: 15/15
  4082 | D:6      | Reached skill level 5 in Air Magic
  5001 | D:7      | Reached skill level 6 in Air Magic
  5419 | D:7      | Learned a level 5 spell: Lightning Bolt
  5448 | D:8      | Reached XP level 9. HP: 33/74 MP: 3/18
  5464 | D:8      | Reached skill level 5 in Conjurations
  5473 | D:8      | Reached skill level 7 in Air Magic
  5746 | D:8      | Found a staircase to the Lair.
  5906 | D:8      | Lost mutation: You are almost entirely resistant to further
                  | mutation and mutation removal. [Jiyva's grace]
  5906 | D:8      | Gained mutation: Your rubbery body absorbs attacks. (AC +1,
                  | EV +1) [Jiyva's grace]
  5906 | D:8      | Gained mutation: Your pliable body absorbs attacks. (AC +2,
                  | EV +2) [Jiyva's grace]
  5906 | D:8      | Gained mutation: Your gelatinous body deflects attacks. (AC
                  | +3, EV +3) [Jiyva's grace]
  5906 | D:8      | Gained mutation: You are covered in slimy tendrils that may
                  | disarm your opponents. [Jiyva's grace]
  6035 | D:8      | Noticed a two-headed ogre
  6036 | D:8      | You fall into a shaft and drop 1 floor!
  6246 | D:9      | Noticed a troll
  6246 | D:9      | Noticed a troll
  6250 | D:9      | Reached skill level 8 in Air Magic
  6252 | D:9      | Killed a troll
  6253 | D:9      | Reached XP level 10. HP: 76/82 MP: 21/21
  6355 | D:9      | Found a staircase to the Orcish Mines.
  6898 | D:8      | Reached skill level 9 in Air Magic
  6930 | D:8      | Killed a two-headed ogre
  7011 | D:10     | Entered Level 10 of the Dungeon
  7189 | D:10     | Noticed Maurice
  7203 | D:10     | Killed Maurice
  7244 | D:10     | Found Qogikhloc's Jewellery Shoppe.
  7316 | D:10     | Noticed a two-headed ogre
  7319 | D:10     | Noticed an ogre mage
  7333 | D:10     | Noticed a two-headed ogre
  7337 | D:10     | Killed an ogre mage
  7344 | D:10     | Killed a two-headed ogre
  7345 | D:10     | Reached XP level 11. HP: 52/88 MP: 14/24
  7346 | D:10     | Killed a two-headed ogre
  7387 | D:10     | Noticed a two-headed ogre
  7388 | D:10     | Killed a two-headed ogre
  7389 | D:10     | Reached skill level 10 in Air Magic
  7389 | D:10     | Noticed a two-headed ogre
  7393 | D:10     | Killed a two-headed ogre
  7987 | D:11     | Reached skill level 10 in Spellcasting
  8055 | D:11     | Noticed a boulder beetle
  8105 | D:11     | Killed a boulder beetle
  8106 | D:11     | Reached skill level 10 in Conjurations
  8149 | D:11     | Reached skill level 11 in Air Magic
  8215 | D:11     | Lost mutation: Your spells are much harder to cast, but
                  | much more powerful. [Jiyva's grace]
  8215 | D:11     | Gained mutation: You are robust. (+10% HP) [Jiyva's grace]
  8215 | D:11     | Gained mutation: You are very robust. (+20% HP) [Jiyva's
                  | grace]
  8215 | D:11     | Gained mutation: You are extremely robust. (+30% HP)
                  | [Jiyva's grace]
  8215 | D:11     | Gained mutation: Your tail ends in a sharp venomous barb.
                  | [Jiyva's grace]
  8339 | D:11     | Noticed Fannar
  8345 | D:11     | Killed Fannar
  8365 | D:11     | Noticed a boulder beetle
  8371 | D:11     | Killed a boulder beetle
  8627 | Lair:1   | Entered Level 1 of the Lair of Beasts
  8651 | Lair:1   | Reached XP level 12. HP: 122/122 MP: 14/26
  9782 | Lair:2   | Reached ****** piety under Jiyva
  9877 | Lair:2   | Reached skill level 12 in Air Magic
 10352 | Lair:2   | Found a staircase to the Swamp.
 10472 | Lair:3   | Lost mutation: You are extremely robust. (+30% HP) [Jiyva's
                  | grace]
 10472 | Lair:3   | Lost mutation: Your gelatinous body deflects attacks. (AC
                  | +3, EV +3) [Jiyva's grace]
 10472 | Lair:3   | Lost mutation: Your pliable body absorbs attacks. (AC +2,
                  | EV +2) [Jiyva's grace]
 10472 | Lair:3   | Gained mutation: Your pliable body absorbs attacks. (AC +2,
                  | EV +2) [Jiyva's grace]
 10472 | Lair:3   | Gained mutation: Your gelatinous body deflects attacks. (AC
                  | +3, EV +3) [Jiyva's grace]
 10472 | Lair:3   | Gained mutation: You have supernaturally acute eyesight.
                  | (SInv) [Jiyva's grace]
 10472 | Lair:3   | Gained mutation: You passively map a small area around you.
                  | [Jiyva's grace]
 10516 | Lair:3   | Noticed a five-headed hydra
 10525 | Lair:3   | Killed a five-headed hydra
 10851 | Lair:3   | Reached XP level 13. HP: 121/121 MP: 26/28
 10869 | Lair:3   | Found a staircase to the Snake Pit.
 10896 | Lair:3   | Noticed Kirke
 11068 | Lair:3   | Reached skill level 13 in Air Magic
 11293 | Lair:3   | Killed Kirke
 11383 | Lair:3   | Identified the ring of Qazlal's Pride {Wiz rN+}
 11591 | Lair:4   | Noticed Nessos
 11614 | Lair:4   | Killed Nessos
 11615 | Lair:4   | Reached skill level 1 in Shields
 11764 | Lair:4   | Learned a level 6 spell: Conjure Ball Lightning
 12102 | Lair:4   | Lost mutation: You have supernaturally acute eyesight.
                  | (SInv) [Jiyva's grace]
 12102 | Lair:4   | Lost mutation: Your gelatinous body deflects attacks. (AC
                  | +3, EV +3) [Jiyva's grace]
 12102 | Lair:4   | Gained mutation: You have a small jelly attached to you
                  | that may absorb projectiles. [Jiyva's grace]
 12102 | Lair:4   | Gained mutation: You are almost entirely resistant to
                  | further mutation and mutation removal. [Jiyva's grace]
 12102 | Lair:4   | Gained mutation: Your flesh is heat resistant. (rF+)
                  | [Jiyva's grace]
 12102 | Lair:4   | Gained mutation: Your flesh is very heat resistant. (rF++)
                  | [Jiyva's grace]
 12501 | Lair:4   | Found a viscous altar of Jiyva.
 12501 | Lair:4   | Found a staircase to the Slime Pits.
 12507 | Slime:1  | Entered Level 1 of the Pits of Slime
 12516 | Slime:1  | Noticed a quicksilver ooze
 12534 | Slime:1  | Noticed a rockslime
 12537 | Slime:1  | Noticed a quicksilver ooze
 12547 | Slime:1  | Noticed a rockslime
 12564 | Slime:2  | Noticed a rockslime
 12567 | Slime:2  | Noticed an acid blob
 12605 | Slime:4  | Noticed an acid blob
 12615 | Slime:5  | Entered Level 5 of the Pits of Slime
 12618 | Slime:5  | Noticed an acid blob
 12629 | Slime:5  | Noticed an acid blob
 12630 | Slime:5  | Found a viscous altar of Jiyva.
 12631 | Slime:5  | Noticed the Royal Jelly
 12631 | Slime:5  | Noticed an acid blob
 12632 | Slime:5  | Found the +8 arc blade {discharge, rElec}
 12633 | Slime:5  | Noticed an acid blob
 12633 | Slime:5  | Noticed an acid blob
 12634 | Slime:5  | Noticed a quicksilver ooze
 12635 | Slime:5  | Noticed an acid blob
 12635 | Slime:5  | Noticed an acid blob
 12638 | Slime:5  | Noticed an azure jelly
 12643 | Slime:5  | Identified the +5 broad axe of Compulsion {speed, Str+4}
 12646 | Slime:5  | Identified the +8 chain mail "Corch" {Slay+2}
 12653 | Slime:5  | Identified the +5 spear of the Priest {holy, rC+}
 12655 | Slime:5  | Got a slimy rune of Zot
 12680 | Slime:5  | Noticed an azure jelly
 12687 | Slime:5  | Noticed an acid blob
 12691 | Slime:5  | Noticed an acid blob
 12692 | Slime:5  | Noticed an acid blob
 12710 | Slime:3  | Found a viscous altar of Jiyva.
 12840 | Lair:5   | Entered Level 5 of the Lair of Beasts
 12860 | Lair:5   | Noticed Sonja
 12864 | Lair:5   | Found a frozen archway.
 12865 | Lair:5   | Killed Sonja
 12873 | IceCv    | Entered an ice cave
 13179 | IceCv    | Identified the ring "Gusorphar" {Fly rN++}
 13255 | Lair:5   | Reached skill level 5 in Dodging
 13312 | Lair:5   | Reached skill level 5 in Shields
 13323 | Lair:5   | Reached XP level 14. HP: 139/139 MP: 19/30
 13858 | Lair:5   | Noticed Gnu's ghost (journeyman MiFi)
 13875 | Lair:5   | Found a transporter.
 13901 | Lair:5   | Found a transporter.
 14266 | Lair:5   | Found a burning altar of Makhleb.
 14280 | Lair:5   | Found a gateway to Hell.
 14287 | Lair:5   | Identified the +5 arbalest "Tujauwk" {penet, rElec Dex-5
                  | Stlth+}
 14535 | Orc:1    | Entered Level 1 of the Orcish Mines
 14535 | Orc:1    | Lost mutation: Your tail ends in a sharp venomous barb.
                  | [Jiyva's grace]
 14535 | Orc:1    | Lost mutation: Your flesh is very heat resistant. (rF++)
                  | [Jiyva's grace]
 14535 | Orc:1    | Lost mutation: You are very robust. (+20% HP) [Jiyva's
                  | grace]
 14535 | Orc:1    | Gained mutation: You have sharp toenails. [Jiyva's grace]
 14535 | Orc:1    | Gained mutation: You have razor-sharp toenails. [Jiyva's
                  | grace]
 14535 | Orc:1    | Gained mutation: You have claws for feet. [Jiyva's grace]
 14535 | Orc:1    | Gained mutation: Your natural rate of healing is unusually
                  | fast. [Jiyva's grace]
 14591 | Orc:1    | Found Biosoi's Magic Scroll Emporium.
 14596 | Orc:1    | Bought a scroll of identify for 28 gold pieces
 14596 | Orc:1    | Bought a scroll of identify for 28 gold pieces
 14596 | Orc:1    | Bought a scroll of vulnerability for 56 gold pieces
 14596 | Orc:1    | Bought a scroll of teleportation for 42 gold pieces
 14625 | Orc:1    | Found Cuifaisch's CLEARANCE SALE!.
 14731 | Orc:1    | Bought a scroll of identify for 14 gold pieces
 14742 | Orc:1    | Noticed an orc warlord
 14750 | Orc:1    | Reached skill level 10 in Fighting
 14751 | Orc:1    | Killed an orc warlord
 14870 | Orc:1    | Found a large runed translucent door.
 14870 | Orc:1    | Found a large runed translucent door.
 14877 | Orc:1    | Noticed dohliylev's ghost (novice TrBe)
 14999 | Orc:2    | Entered Level 2 of the Orcish Mines
 15004 | Orc:2    | Noticed Josephine
 15053 | Orc:2    | Killed Josephine
 15281 | Orc:2    | Found a staircase to the Elven Halls.
 15329 | Orc:2    | Found Uvvimin's Weapon Shop.
 15329 | Orc:2    | Found Savuv's Weapon Shoppe.
 15331 | Orc:2    | Found Qydomn's Book Emporium.
 15333 | Orc:2    | Found Pucwius's Antique Weapon Boutique.
 15373 | Orc:2    | Noticed an orc warlord
 15384 | Orc:2    | Killed an orc warlord
 15804 | Orc:1    | Noticed an orc warlord
 15811 | Orc:1    | Killed an orc warlord
 16283 | D:12     | Lost mutation: Your tail ends in a venomous barb. [Jiyva's
                  | grace]
 16283 | D:12     | Lost mutation: You passively map a small area around you.
                  | [Jiyva's grace]
 16283 | D:12     | Lost mutation: You are robust. (+10% HP) [Jiyva's grace]
 16283 | D:12     | Lost mutation: You have a small jelly attached to you that
                  | may absorb projectiles. [Jiyva's grace]
 16283 | D:12     | Gained mutation: You are agile. (Dex +4, Str/Int -1)
                  | [Jiyva's grace]
 16283 | D:12     | Gained mutation: You are very agile. (Dex +8, Str/Int -2)
                  | [Jiyva's grace]
 16283 | D:12     | Gained mutation: You possess an exceptional clarity of
                  | mind. [Jiyva's grace]
 16283 | D:12     | Gained mutation: You are strong-willed. (Will+) [Jiyva's
                  | grace]
 16291 | D:12     | Reached XP level 15. HP: 129/129 MP: 31/31
 17171 | D:13     | Identified the +2 helmet of Rupuzxae {rF+}
 17512 | D:14     | Found a portal to a secret trove of treasure.
 17569 | D:14     | Identified the +7 dagger "Xuvo Mub" {venom, rC+}
 17777 | D:14     | Found a gate to the Vaults.
 18003 | D:15     | Entered Level 15 of the Dungeon
 18009 | D:15     | Lost mutation: You are very agile. (Dex +8, Str/Int -2)
                  | [Jiyva's grace]
 18009 | D:15     | Lost mutation: You possess an exceptional clarity of mind.
                  | [Jiyva's grace]
 18009 | D:15     | Lost mutation: Your pliable body absorbs attacks. (AC +2,
                  | EV +2) [Jiyva's grace]
 18009 | D:15     | Gained mutation: You are resistant to electric shocks.
                  | (rElec) [Jiyva's grace]
 18009 | D:15     | Gained mutation: Your tail ends in a venomous barb.
                  | [Jiyva's grace]
 18009 | D:15     | Gained mutation: Your tail ends in a sharp venomous barb.
                  | [Jiyva's grace]
 18009 | D:15     | Gained mutation: Your tail ends in a wickedly sharp and
                  | venomous barb. [Jiyva's grace]
 18020 | D:15     | Reached skill level 1 in Axes
 18069 | D:15     | Found a sacrificial altar of Ru.
 18464 | D:15     | Found a staircase to the Depths.
 18474 | D:15     | Reached skill level 5 in Axes
 18937 | D:10     | Bought a ring of willpower for 300 gold pieces
 19006 | Elf:1    | Entered Level 1 of the Elven Halls
 19114 | Elf:1    | Found a crumbling gateway.
 19139 | Desolati | Entered the Desolation of Salt
 19195 | Desolati | Killed from afar by a ragged hierophant

Illustrated notes

Levels and vault maps discovered:
D:1:      dpeg_arrival_houses_and_road, layout_basic,
          hellmonk_ecumenical_altar_watching_god, hangedman_abyss_or_decor_stabs
D:2:      layout_basic, basic_altar, grunt_ministairs_9, chequers_arboretum
D:3:      layout_basic, minmay_snake_closets
D:4:      layout_gridville, minmay_between
D:5:      layout_loops_cross, jmf_multi_god_temple,
          minmay_temple_entry_gardened_gates
D:6:      layout_loops_ring, chequers_serial_rivers_micro_e, nrook_loot_triangle
D:7:      layout_gridville, kennysheep_cluttered_room
D:8:      layout_loops_cross, lair_entry_dummy, grunt_ministairs_14,
          grunt_decor_mini_mirrors
D:9:      layout_roguey, minmay_orc_entry_temple_small, minmay_starry_boxes
D:10:     layout_roguey, serial_shops, kennysheep_mini_moat, uniq_maurice
D:11:     layout_gridville, chequers_serial_rivers_large_b, uniq_fannar
D:12:     layout_rooms
D:13:     layout_long_grid
D:14:     layout_cave_pools, grunt_vaults_entry_tiered, enter_trove_3
D:15:     grunt_enter_depths_hoard, layout_stronghold, nicolae_ru_awakened_eye
Lair:1:   layout_loops_ring, lemuel_fruit_fields, serial_bayou_shore_a
Lair:2:   layout_roguey, nicolae_swamp_entry_splash_gauntlet
Lair:3:   layout_loops_ring, minmay_snake_entry_guardpost_medium,
          nicolae_quartered_pool_impasse, chequers_serial_rivers_micro_b,
          st_stairs_5, minivault_25, worms_lemuel, uniq_kirke
Lair:4:   layout_regular_city, dpeg_slime_entry_enclosed, minivault_19,
          grunt_megastairs_5, uniq_nessos
Lair:5:   evil_forest, layout_regular_city, gammafunk_ghost_berserking_beasts,
          portal_ice_cave_entry_pillars_2, st_stairs_8, dpeg_oklob_1,
          infiniplex_staircase_pool_2, serial_bayou_shore_b, uniq_sonja
Slime:1:  layout_caves, nicolae_slime_phagocytosis
Slime:2:  layout_caves, basic_altar
Slime:3:  layout_caves, basic_altar
Slime:4:  layout_caves
Slime:5
Orc:1:    layout_diamond_mine, serial_shops, nicolae_shop_hallway_plus,
          ebering_ghost_disaster_area, nicolae_shop_clearance
Orc:2:    st_orc_rangers, layout_caves, uniq_josephine
Elf:1:    layout_onion_city, serial_shops, shop,
          gammafunk_ghost_fury_of_okawaru, portal_desolation_entry_twin_temple,
          hangedman_elf_represent, grunt_ministairs_6
Desolation

Skill      XL: |  1  2  3  4  5  6  7  8  9 10 11 12 13 14 15 |
---------------+----------------------------------------------+-----
Fighting       | 3 4 5 8 11 12 | 12.0
Air Magic      | 1 2 3 4 6 8 9 11 12 13 | 13.1
Spellcasting   | 3 4 5 6 7 9 10 11 12 | 12.3
Conjurations   | 2 4 6 8 10 12 | 12.4
Shields        | 5 8 9 |  9.8
Dodging        | 5 8 9 |  9.3
Axes           | 6 |  6.2
Polearms       | |  2.7
Throwing       | |  0.8
Translocations | |  3.0

Action                   |  1- 3 |  4- 6 |  7- 9 | 10-12 | 13-15 || total
-------------------------+-------+-------+-------+-------+-------++-------
Melee: Spear             |    44 |       |       |       |       ||    44
       Tailslap          |     9 |    26 |    39 |    33 |    44 ||   151
       Punch             |     1 |     2 |       |       |       ||     3
       Dagger            |    62 |   207 |   257 |       |       ||   526
       Short sword       |       |       |    48 |   242 |    37 ||   327
       Rapier            |       |       |       |       |   187 ||   187
       Kick              |       |       |       |       |    76 ||    76
       Broad axe         |       |       |       |       |    49 ||    49
 Cast: Static Discharge  |       |     3 |    26 |    39 |       ||    68
       Lightning Bolt    |       |       |       |    74 |   107 ||   181
       Arcjolt           |       |       |       |    38 |   180 ||   218
       Conjure Ball Ligh |       |       |       |       |     2 ||     2
Invok: Oozemancy         |       |       |     3 |     2 |       ||     5
 Abil: Breathe Frost     |       |       |     4 |     9 |       ||    13
Evoke: Wand              |       |       |     1 |     5 |       ||     6
  Use: Scroll            |       |     6 |     4 |     2 |    15 ||    27
 Stab: Sleeping          |     1 |       |     1 |       |       ||     2
Armor: Skin              |    31 |    84 |   120 |   143 |   210 ||   588
Dodge: Dodged            |    75 |   144 |   204 |   331 |   440 ||  1194
Block: Buckler           |       |       |    25 |    67 |   109 ||   201
       Kite shield       |       |       |       |       |   110 ||   110

Table legend: (Time is in decaauts)
 A = Elapsed time spent in this place.
 B = Non-inter-level travel time spent in this place.
 C = Inter-level travel time spent in this place.
 D = Time resting spent in this place.
 E = Time spent auto-exploring this place.
 F = Levels seen in this place.
 G = Mean time per level.
                   A        B        C        D        E       F      G
               +--------+--------+--------+--------+--------+-----+--------+
         Total |  19331 |  18080 |   1251 |   1212 |  12889 |  30 |  644.4 |
       Dungeon |  11812 |  11043 |    769 |    334 |   8428 |  15 |  787.5 |
          Lair |   5252 |   4991 |    261 |    621 |   3522 |   5 | 1050.4 |
    Slime Pits |    265 |    144 |    121 |      0 |     71 |   5 |   53.0 |
  Orcish Mines |   1436 |   1337 |     99 |    170 |    801 |   2 |  718.0 |
   Elven Halls |    132 |    132 |      0 |      7 |      0 |   1 |  132.0 |
      Ice Cave |    376 |    376 |      0 |     59 |     67 |   1 |  376.0 |
    Desolation |     55 |     55 |      0 |     21 |      0 |   1 |   55.0 |
               +--------+--------+--------+--------+--------+-----+--------+

Top non-repeatable levels by time:
  Lair:5: 1194 daAuts
     D:1: 1096 daAuts
  Lair:2: 1061 daAuts
  Lair:4: 1039 daAuts
  Lair:3: 1038 daAuts
     D:9: 1028 daAuts
    D:11: 985 daAuts
  Lair:1: 918 daAuts
    D:13: 913 daAuts
    D:15: 850 daAuts
     D:7: 847 daAuts
     D:6: 819 daAuts
     D:8: 789 daAuts
     D:2: 785 daAuts
   Orc:2: 771 daAuts
